 Dungeon Crawl Stone Soup version 0.20.1-1-g8b1a95d (console) character file.

126 hilaritas the Digger (level 4, -1/24 HPs)
             Began as a Deep Elf Earth Elementalist on Sept 3, 2017.
             Killed from afar by an orc wizard (3 damage)
             ... with a puff of flame
             ... on level 3 of the Dungeon.
             The game lasted 00:07:15 (2715 turns).

hilaritas the Digger (Deep Elf Earth Elementalist)  Turns: 2715, Time: 00:07:16

Health: -1/24      AC:  4    Str:  6    XL:     4   Next: 84%
Magic:  0/10       EV: 13    Int: 20    God:
Gold:   71         SH:  0    Dex: 15    Spells: 5/9 levels left

rFire    + . .     SeeInvis .   j - +0 dagger
rCold    . . .     Gourm    .   (no shield)
rNeg     . . .     Faith    .   s - +0 robe {rF+}
rPois    .         Spirit   .   (no helmet)
rElec    .         Reflect  .   (no cloak)
rCorr    .         Harm     .   m - +1 pair of gloves
MR       .....                  (no boots)
Stlth    ++........             (no amulet)
Regen    0.1/turn               (no ring)
MPRegen  0.2/turn               (no ring)

@: no status effects
A: no striking features
a: no special abilities


You were on level 3 of the Dungeon.
You were very hungry.

You visited 1 branch of the dungeon, and saw 3 of its levels.

You collected 71 gold pieces.

Inventory:

Hand Weapons
 j - a +0 dagger (weapon)
Missiles
 b - 9 stones (quivered)
 l - 56 arrows
Armour
 m - a +1 pair of gloves (worn)
 s - a +0 robe of fire resistance (worn)
Scrolls
 c - a scroll of amnesia {unknown}
 g - 4 scrolls of identify {unknown}
 i - a scroll of enchant weapon {unknown}
 n - a scroll of blinking {unknown}
 q - a scroll of noise {unknown}
Potions
 a - 5 potions of curing {unknown}
 h - a potion of ambrosia {unknown}
 k - a potion of heal wounds {unknown}
 r - a potion of lignification {unknown}
Books
 e - a book of Geomancy

   Spells                             Type                      Level
   a - Sandblast                      Earth                        1
   b - Passwall                       Transmutation/Earth          2
   c - Stone Arrow                    Conjuration/Earth            3
   d - Petrify                        Transmutation/Earth          4
   e - Lee's Rapid Deconstruction     Earth                        5
 f - a book of Maledictions

   Spells                             Type                      Level
   a - Corona                         Hexes                        1
   b - Ensorcelled Hibernation        Hexes/Ice                    2
   c - Confuse                        Hexes                        3
   d - Tukima's Dance                 Hexes                        3
   e - Dazzling Spray                 Conjuration/Hexes            3
Comestibles
 d - 2 bread rations
 o - 4 fruits
 p - a meat ration


   Skills:
 - Level 2.4 Dodging
 - Level 2.4 Stealth
 - Level 3.0 Spellcasting
   Level 1.1 Transmutations
 * Level 6.2 Earth Magic


You had 5 spell levels left.
You knew the following spells:

 Your Spells              Type           Power        Failure   Level  Hunger
a - Sandblast             Erth           ####..       1%          1    None
b - Stone Arrow           Conj/Erth      ###...       12%         3    ###....


Dungeon Overview and Level Annotations

Branches:
Dungeon (3/15)

Altars:
Elyvilon
Okawaru
Qazlal
The Shining One


Message History

A puff of flame appears from out of thin air!
The puff of flame misses you. Something hits you.
You closely miss something. Something hits you but does no damage.
You miss something. Something hits you.
Casting: Sandblast
Confirm with . or Enter, or press ? or * to list all spells.
Aiming: Sandblast
Press: ? - help, Shift-Dir - straight line, f - orc priest
Aim: an orc priest, wielding a short sword The blast of sand hits the orc priest.
The orc priest is severely wounded.
b - 9 stones The orc priest invokes the aid of Beogh against you.
Beogh smites you!
* * * LOW HITPOINT WARNING * * *
You hear some strange, mumbled words.
A puff of flame appears from out of thin air!
The puff of flame hits you! You resist.
You die...

###..........
#...
#..........
####
#..........
#.......... #
#.......... #
#..........
##
#..........
##.
#..........
#.. .##
###@##.....
#..
.o...###{#
..... #..
..$oo{.oo#
.... ##.
.....#####
... #.. ...
... #.. . #..
##. ## #


You could see an orc priest and an orc.

Vanquished Creatures
  An orc priest (D:3)
  4 adders (D:2)
  3 leopard geckos
  4 orcs (D:3)
  A ball python (D:2)
  7 bats
  2 giant cockroaches (D:3)
  10 goblins
  4 hobgoblins
  A quokka (D:2)
  3 frilled lizards
  5 kobolds
  6 rats
51 creatures vanquished.

Notes
Turn   | Place    | Note
-------+----------+-------------------------------------------
     0 | D:1      | hilaritas the Deep Elf Earth Elementalist began the quest for the Orb.
     0 | D:1      | Reached XP level 1. HP: 10/10 MP: 6/6
   300 | D:1      | Reached XP level 2. HP: 15/15 MP: 6/8
   305 | D:1      | Reached skill level 4 in Earth Magic
  1328 | D:2      | Reached XP level 3. HP: 19/19 MP: 7/9
  1333 | D:2      | Learned a level 3 spell: Stone Arrow
  1352 | D:2      | Found a glowing golden altar of the Shining One.
  1385 | D:2      | Found a white marble altar of Elyvilon.
  1561 | D:2      | Reached skill level 5 in Earth Magic
  1751 | D:2      | Reached XP level 4. HP: 21/24 MP: 5/10
  2380 | D:3      | Found an iron altar of Okawaru.
  2657 | D:3      | Found a stormy altar of Qazlal.
  2703 | D:3      | Reached skill level 6 in Earth Magic
  2715 | D:3      | Killed from afar by an orc wizard

Skill      XL: |  1  2  3  4 |
---------------+-------------+-----
Earth Magic    | 4 5 6 |  6.2
Dodging        | |  2.4
Stealth        | |  2.4
Spellcasting   | |  3.0
Transmutations | |  1.1

Action                   |  1- 3 |  4- 6 || total
-------------------------+-------+-------++-------
Melee: Dagger            |       |    12 ||    12
 Cast: Sandblast         |    40 |     9 ||    49
       Stone Arrow       |     3 |    15 ||    18
  Eat: Chunk             |     3 |     3 ||     6
Armor: Robe              |     3 |     5 ||     8
Dodge: Dodged            |     7 |    15 ||    22
